[Event "4th Sabbiadoro-Master 2018"]
[Site "Lignano Sabbiadoro"]
[Date "2018.08.05"]
[Round "9.8"]
[White "Olivetti, Davide"]
[Black "Ventura, Salvatore"]
[Result "0-1"]
[ECO "B30"]
[WhiteElo "2234"]
[BlackElo "2185"]
[Annotator "NA"]
[PlyCount "56"]
[EventDate "2018.07.29"]
[EventType "swiss"]
[EventCountry "ITA"]
[SourceTitle "playchess.com"]
[Source "ChessBase"]
[SourceQuality "1"]
[TimeControl "5400+30"]

1. e4 c5 2. Nf3 Nc6 3. Nc3 Qb6 4. g3 e6 5. Bg2 g6 6. O-O Bg7 7. b3 Nge7 8. Bb2 Nd4 9. e5 Nec6 10. Ne4 Nxe5 11. Nxd4 cxd4 12. Ba3 Bf8 13. Nf6+ Kd8 14. Bxf8 Rxf8 15. f4 d3+ 16. Kh1 dxc2 17. Qxc2 Nc6 18. Nxh7 Rh8 19. Ng5 Ke7 20. d4 d5 21. Rae1 Nxd4 22. Qb2 f6 23. Qa3+ Ke8 24. Nxe6 Bxe6 25. f5 gxf5 26. Bxd5 Kf7 27. Bxe6+ Nxe6 28. Rxf5 Qc6+ 0-1

[Event "4th Sabbiadoro-Master 2018"]
[Site "Lignano Sabbiadoro"]
[Date "2018.08.05"]
[Round "9.9"]
[White "Grigorian, Roudolph"]
[Black "Simonetto, Andrea"]
[Result "1/2-1/2"]
[ECO "D02"]
[WhiteElo "2154"]
[BlackElo "2173"]
[Annotator "NA"]
[PlyCount "71"]
[EventDate "2018.07.29"]
[EventType "swiss"]
[EventCountry "ITA"]
[SourceTitle "playchess.com"]
[Source "ChessBase"]
[SourceQuality "1"]
[TimeControl "5400+30"]

1. d4 d5 2. Bf4 Nf6 3. Nf3 e6 4. e3 Bd6 5. Bg3 O-O 6. Nbd2 c5 7. c3 b6 8. Bd3 Ba6 9. Bxa6 Nxa6 10. O-O Nb8 11. Ne5 Qc7 12. f4 Nc6 13. Qf3 cxd4 14. cxd4 Ne7 15. Bh4 Nf5 16. Bxf6 gxf6 17. Rac1 Qe7 18. Nd3 Bb4 19. Nb1 Rfc8 20. g4 Ng7 21. a3 Bd6 22. Nc3 Bxa3 23. bxa3 Qxa3 24. f5 Rxc3 25. fxe6 fxe6 26. Rxc3 Qxc3 27. Qxf6 h6 28. Qf7+ Kh7 29. Ne5 Qxe3+ 30. Kg2 Qe4+ 31. Kg3 Rc8 32. Rf3 Qe1+ 33. Kh3 Rc3 34. Qg6+ Kg8 35. Qf7+ Kh7 36. Qg6+ 1/2-1/2

[Event "4th Sabbiadoro-Master 2018"]
[Site "Lignano Sabbiadoro"]
[Date "2018.08.05"]
[Round "9.10"]
[White "Prete, Alessandro"]
[Black "Mufic, Goran"]
[Result "1/2-1/2"]
[ECO "B34"]
[WhiteElo "2032"]
[BlackElo "2299"]
[Annotator "NA"]
[PlyCount "91"]
[EventDate "2018.07.29"]
[EventType "swiss"]
[EventCountry "ITA"]
[SourceTitle "playchess.com"]
[Source "ChessBase"]
[SourceQuality "1"]
[TimeControl "5400+30"]

1. e4 c5 2. Nf3 Nc6 3. Nc3 g6 4. d4 cxd4 5. Nxd4 Bg7 6. Nb3 Bxc3+ 7. bxc3 Nf6 8. Bd3 d5 9. exd5 Qxd5 10. O-O Bg4 11. f3 Bf5 12. c4 Qd7 13. Bb2 O-O 14. Qe2 Rad8 15. Rad1 Rfe8 16. Be4 Qc8 17. Bd5 Nb4 18. Rd2 Nbxd5 19. cxd5 Rxd5 20. Rxd5 Nxd5 21. Qe5 Nf6 22. g4 Bxg4 23. fxg4 Qxg4+ 24. Kh1 Qe4+ 25. Qxe4 Nxe4 26. Kg2 Rc8 27. Rc1 Rc4 28. Kf3 f5 29. Ke3 Kf7 30. Nd2 Rb4 31. Nxe4 Rxb2 32. Nc3 b5 33. a3 a5 34. Kd3 b4 35. axb4 Rxb4 36. Nd5 Rh4 37. c4 e5 38. Nb6 Rh3+ 39. Kc2 Ke7 40. c5 Kd8 41. c6 Kc7 42. Kb2 Rd3 43. Na8+ Kc8 44. Nb6+ Kc7 45. Na8+ Kc8 46. Nb6+ 1/2-1/2